 Dungeon Crawl Stone Soup version 0.29.0-4-gdea44cf6ec (webtiles) character file.

Game seed: 3689207787665437641

82 qw the Chopper (level 4, 0/26 HPs)
             Began as a Tengu Warper on Aug 28, 2022.
             Slain by Grinder (9 damage)
             ... on level 3 of the Dungeon.
             The game lasted 00:00:11 (1631 turns).

qw the Chopper (Tengu Warper)                       Turns: 1631, Time: 00:00:11

Health: 0/26       AC:  9    Str: 14    XL:     4   Next: 43%
Magic:  8/8        EV:  6    Int: 13    God:
Gold:   114        SH:  0    Dex: 13    Spells: 7/7 levels left

rFire   . . .      SeeInvis .   Y - +0 hand axe
rCold   . . .      Faith    .   (no shield)
rNeg    . . .      Spirit   .   f - +0 chain mail
rPois   .          Reflect  .   (helmet restricted)
rElec   .          Harm     .   o - +0 cloak
rCorr   .          Rampage  .   (no gloves)
Will    .....                   (boots unavailable)
Stlth   ..........              (no amulet)
HPRegen 0.08/turn               (no ring)
MPRegen 0.11/turn               (no ring)

@: no status effects
A: beak, talons 3
a: no special abilities


You were on level 3 of the Dungeon.
You visited 1 branch of the dungeon, and saw 3 of its levels.

You collected 114 gold pieces.


Innate Abilities, Weirdness & Mutations

You have a beak for a mouth.
You have claws for feet.


   Skills:
 - Level 2.0 Fighting
 - Level 5.0 Axes
 - Level 1.0 Throwing
 + Level 1.2 Armour
 - Level 2.1 Dodging
 - Level 2.0 Spellcasting
 - Level 2.4 Translocations


You had 7 spell levels left.
You didn't know any spells.
Your spell library contained the following spells:

 Spells                   Type           Power      Damage    Failure   Level
 Blink                    Tloc           14%        N/A       99%         2
 Gell's Gravitas          Tloc           7%         N/A       100%        3
 Lesser Beckoning         Tloc           7%         N/A       100%        3
 Teleport Other           Tloc           7%         N/A       100%        3
 Manifold Assault         Tloc           7%         N/A       100%        5

Inventory:

Hand Weapons
 r - a +0 mace
 Y - a +0 hand axe (weapon)
Armour
 f - a +0 chain mail (worn)
 o - a +0 cloak (worn)
Scrolls
 a - a scroll of identify
 h - a scroll of teleportation
Potions
 d - a potion of cancellation
 i - a potion of heal wounds {unknown}
 j - 3 potions of curing
 p - a potion of magic {unknown}
 q - a potion of flight {unknown}

Dungeon Overview and Level Annotations

Branches:
Dungeon (3/15)

Altars:
Wu Jian

Annotations:
D:3 Grinder, Terence


Message History

You closely miss Grinder. Your kick misses Grinder.
Grinder drinks a potion.
Grinder seems to speed up.
You hit Grinder but do no damage. You claw Grinder!
Grinder is lightly wounded.
Grinder hits you but does no damage.
Grinder says, "FISH!"
Grinder blinks!
Grinder gestures at you.
You suddenly lose the ability to move!
Grinder says, "You look like you could use a good racking."
Grinder hits you. Grinder gestures at you. You resist with significant effort.
Grinder hits you.
You writhe in agony.
Grinder gestures at you.
You barely resist. Grinder hits you.
You writhe in agony.
You can move again.
You hit Grinder but do no damage. You peck Grinder.
Grinder is moderately wounded.
You closely miss Terence. Grinder hits you but does no damage.
Terence hits you with a +0 hand axe. Grinder barely misses you.
You closely miss Grinder. Your kick misses Grinder.
Grinder is moderately wounded.
You closely miss Terence.
Grinder blinks!
Terence hits you but does no damage.
You hit Terence.
Terence is lightly wounded.
Terence completely misses you.
You closely miss Terence. You claw Terence.
Terence is moderately wounded.
Terence hits you but does no damage. Grinder gestures at you.
You resist with significant effort.
You hit Grinder.
Grinder is moderately wounded.
You hit Terence but do no damage. Terence hits you with a +0 hand axe.
Grinder hits you!
You die...

#.##.############
#.##.#...........
#.##.#.##########
#.##.#.##..<...%.
###.##.#.##.#######
#..>...#.#..## #
#............# #
#..................
#.@..........######
#@.5.........#
..@..................
..#####.....#......###
#.....##.......
#.....#########
......>. .........
.........


You could see Grinder (fast) and Terence.

Vanquished Creatures
  6 adders (D:2)
  A dart slug (D:2)
  4 ball pythons
  2 bats
  An endoplasm (D:3)
  6 goblins
  A kobold (D:2)
  A quokka (D:2)
  3 frilled lizards
  5 rats
30 creatures vanquished.

Notes
Turn   | Place    | Note
-------+----------+-------------------------------------------
     0 | D:1      | qw the Tengu Warper began the quest for the Orb.
     0 | D:1      | Reached XP level 1. HP: 12/12 MP: 4/4
     0 | D:1      | 0 ||| qw: Version: 0.1-a-89-g26bdef1
     0 | D:1      | 0 ||| qw: Game counter: 502
     0 | D:1      | 0 ||| qw: Always use a shield: true
     0 | D:1      | 0 ||| qw: God list: Okawaru
     0 | D:1      | 0 ||| qw: Allow faded altars: false
     0 | D:1      | 0 ||| qw: Do Orc after D:15 true
     0 | D:1      | 0 ||| qw: Do second Lair branch before Depths: true
     0 | D:1      | 0 ||| qw: Lair rune preference: random
     0 | D:1      | 0 ||| qw: Plans: Normal
     0 | D:1      | 0 ||| PLANNING D:1-11
   396 | D:1      | 396 ||| DROPPING +0 club.
   397 | D:1      | 397 ||| UPGRADING to +0 chain mail.
   407 | D:1      | 407 ||| DROPPING +0 leather armour.
   408 | D:1      | 408 ||| UPGRADING to +0 cloak.
   413 | D:1      | 413 ||| READING scroll labelled ASME GYHOHOLI.
   414 | D:1      | 414 ||| READING scroll labelled FORENU JIUWU.
   415 | D:1      | 415 ||| READING 3 scrolls labelled UKOJUIV YKASEG.
   420 | D:1      | 420 ||| READING scroll labelled ZIOLYG SUVE.
   421 | D:1      | 421 ||| READING scroll labelled UHUESK QAXUCKA.
   422 | D:1      | 422 ||| DRINKING 2 glowing red potions.
   423 | D:1      | 423 ||| DROPPING scroll of blinking.
   465 | D:2      | 465 ||| Stepping ~*~*~tactically~*~*~ (stealth).
   466 | D:2      | 466 ||| Stepping ~*~*~tactically~*~*~ (stealth).
   470 | D:2      | 470 ||| Stepping ~*~*~tactically~*~*~ (stealth).
   475 | D:2      | Reached skill level 3 in Axes
   475 | D:2      | Reached XP level 2. HP: 14/17 MP: 6/6
   554 | D:2      | 554 ||| FLEEEEING.
   555 | D:2      | 555 ||| FLEEEEING.
   556 | D:2      | 556 ||| FLEEEEING.
   557 | D:2      | 557 ||| FLEEEEING.
   558 | D:2      | 558 ||| FLEEEEING.
   559 | D:2      | 559 ||| FLEEEEING.
   560 | D:2      | 560 ||| FLEEEEING.
   561 | D:2      | 561 ||| STAIRDANCE
   588 | D:1      | 588 ||| DRINKING 2 glowing coppery potions.
   589 | D:1      | 589 ||| DROPPING potion of brilliance.
   609 | D:2      | 609 ||| FLEEEEING.
   610 | D:2      | 610 ||| STAIRDANCE
   692 | D:2      | Found a faded altar of an unknown god.
   732 | D:2      | 732 ||| Stepping ~*~*~tactically~*~*~ (stealth).
   733 | D:2      | 733 ||| Stepping ~*~*~tactically~*~*~ (stealth).
   740 | D:2      | Reached XP level 3. HP: 21/21 MP: 7/7
   753 | D:2      | Reached skill level 4 in Axes
   766 | D:2      | 766 ||| Stepping ~*~*~tactically~*~*~ (stealth).
   784 | D:2      | 784 ||| FLEEEEING.
   791 | D:2      | 791 ||| STAIRDANCE
   896 | D:1      | 896 ||| DRINKING 3 grey potions.
   897 | D:1      | 897 ||| DROPPING 2 potions of attraction.
   920 | D:2      | 920 ||| Stepping ~*~*~tactically~*~*~ (stealth).
   922 | D:2      | 922 ||| Stepping ~*~*~tactically~*~*~ (stealth).
  1022 | D:2      | 1022 ||| Stepping ~*~*~tactically~*~*~ (hiding).
  1027 | D:2      | 1027 ||| Stepping ~*~*~tactically~*~*~ (hiding).
  1034 | D:2      | Reached XP level 4. HP: 26/26 MP: 8/8
  1432 | D:2      | 1432 ||| READING scroll labelled ACLIFIUNECS.
  1433 | D:2      | 1433 ||| READING scroll labelled GETWOE DUHIC.
  1434 | D:2      | 1434 ||| READING 3 scrolls of identify.
  1434 | D:2      | 1434 ||| IDENTIFYING bubbling amethyst potion
  1435 | D:2      | 1435 ||| READING 2 scrolls of identify.
  1435 | D:2      | 1435 ||| IDENTIFYING murky amethyst potion
  1436 | D:2      | 1436 ||| DROPPING potion of ambrosia.
  1437 | D:2      | 1437 ||| READING 2 scrolls of teleportation.
  1495 | D:3      | Reached skill level 5 in Axes
  1503 | D:3      | Found an ornate altar of the Wu Jian Council.
  1615 | D:3      | Noticed Grinder
  1616 | D:3      | 1616 ||| Stepping ~*~*~tactically~*~*~ (hiding).
  1619 | D:3      | Noticed Terence
  1622 | D:3      | Paralysed by Grinder for 5 turns
  1631 | D:3      | Slain by Grinder

Levels and vault maps discovered:
D:1:      dpeg_arrival_fog, layout_rooms
D:2:      layout_rooms, hellmonk_ecumenical_altar_run_dry,
          nicolae_figureground_pulse
D:3:      layout_basic, evilmike_ruin_ashenzari, mainiacjoe_overflow_alcove_4,
          kennysheep_minor_cross, uniq_grinder, uniq_terence

Skill      XL: |  1  2  3  4 |
---------------+-------------+-----
Axes           | 3 4 5 |  5.0
Fighting       | |  2.0
Throwing       | |  1.0
Armour         | |  1.2
Dodging        | |  2.1
Spellcasting   | |  2.0
Translocations | |  2.4

Action                   |  1- 3 |  4- 6 || total
-------------------------+-------+-------++-------
Melee: Hand axe          |    42 |    32 ||    74
       Kick              |    11 |     8 ||    19
       Peck              |     3 |     5 ||     8
       Punch             |       |     1 ||     1
Throw: Boomerang         |     7 |       ||     7
  Use: Scroll            |     5 |     5 ||    10
       Potion            |     3 |       ||     3
Armor: Chain mail        |    27 |    15 ||    42
Dodge: Dodged            |    10 |     9 ||    19

Table legend:
 A = Non-vault XP
 B = Vault XP
 C = Vault XP percentage of total XP
 D = Non-vault monster count
 E = Vault monster count
 F = Vault count percentage of total count
                 A         B        C        D         E       F
            +---------+---------+-------+---------+---------+-------
      Total |     118 |       0 |   0.0 |      30 |       0 |   0.0
            +---------+---------+-------+---------+---------+-------
        D:1 |       7 |       0 |   0.0 |       5 |       0 |   0.0
        D:2 |     103 |       0 |   0.0 |      20 |       0 |   0.0
        D:3 |       8 |       0 |   0.0 |       5 |       0 |   0.0
            +---------+---------+-------+---------+---------+-------
